[Event "December 19 Early 2023"]
[Site "https://www.chess.com"]
[Date "2023.12.19"]
[Round "3"]
[White "Vachier-Lagrave, Maxime"]
[Black "Chan, Yi Ren Daniel"]
[Result "1-0"]
[Board "3"]
[TimeControl "180+1"]
[WhiteFideId "623539"]
[BlackFideId "5801583"]
[WhiteElo "2748"]
[BlackElo "2375"]
[WhiteTeam "FRA"]
[BlackTeam "SGP"]
[WhiteClock "0:00:11"]
[BlackClock "0:00:03"]

1. c4 c6 2. Nf3 Nf6 3. Nc3 d5 4. d4 e6 5. e3 Nbd7 6. Qc2 Bd6 7. Bd2 O-O 8. Rc1 Qe7 9. Bd3 h6 10. O-O e5 11. cxd5 cxd5 12. dxe5 Nxe5 13. Nd4 Nxd3 14. Qxd3 a6 15. Nce2 Ne4 16. Ng3 Bd7 17. Rfd1 Rac8 18. Be1 Bxg3 19. hxg3 Rxc1 20. Rxc1 Rc8 21. Rxc8+ Bxc8 22. f3 Nf6 23. g4 Bd7 24. Bc3 Qd6 25. Nc2 Bb5 26. Qd4 Bc6 27. a4 Ne8 28. b3 f6 29. Ba5 Qe6 30. Nb4 Nd6 31. Bc7 Ne8 32. Bg3 Qe7 33. Kh2 Qe6 34. Nd3 Nd6 35. Nf4 Qd7 36. Nxd5 Nf7 37. e4 h5 38. gxh5 Ng5 39. Qc4 Ne6 40. h6 Qf7 41. hxg7 Kxg7 42. Ne3 Qh5+ 43. Kg1 Ng5 44. Nf5+ Kf8 45. Bd6+ Ke8 46. Qg8+ Kd7 47. Qg7+ Qf7 48. Qxf7+ Nxf7 49. Be7 Ke6 50. Ba3 Ne5 51. Nd4+ Kf7 52. Nxc6 Nxc6 53. Bc5 Na5 54. b4 Nc4 55. a5 Ke6 56. Kf2 Kd7 57. g4 Kc6 58. Be7 Nb2 59. Ke2 Na4 60. Bxf6 Kb5 61. g5 Kxb4 62. g6 Kxa5 63. g7 Nc5 64. g8=Q 1-0

[Event "December 19 Early 2023"]
[Site "https://www.chess.com"]
[Date "2023.12.19"]
[Round "3"]
[White "Kozak, Antoni"]
[Black "Nihal Sarin"]
[Result "1-0"]
[Board "4"]
[TimeControl "180+1"]
[WhiteFideId "21832030"]
[BlackFideId "25092340"]
[WhiteElo "2470"]
[BlackElo "2689"]
[WhiteTeam "POL"]
[BlackTeam "IND"]
[WhiteClock "0:00:14"]
[BlackClock "0:00:18"]

1. d4 a6 2. Nf3 b5 3. Bg5 Bb7 4. e3 Nf6 5. Bd3 e6 6. Nbd2 h6 7. Bh4 c5 8. c3 d5 9. Ne5 Nbd7 10. f4 Be7 11. O-O O-O 12. Qf3 cxd4 13. exd4 b4 14. f5 bxc3 15. bxc3 Rc8 16. fxe6 fxe6 17. Qh3 Nxe5 18. dxe5 Qb6+ 19. Bf2 Bc5 20. Rab1 Qc6 21. exf6 Rxf6 22. Bd4 Rcf8 23. Qe3 Bxd4 24. cxd4 Qd7 25. Rxf6 Rxf6 26. Nf3 Qc7 27. Qe5 Qc8 28. Qd6 Qc3 29. Qb8+ Rf8 30. Bh7+ Kxh7 31. Qxf8 Qe3+ 32. Kh1 Qd3 33. Rg1 Qe4 34. Qf7 Bc6 35. Ne5 Bb5 36. Qxe6 Bc4 37. Qg4 Qxg4 38. Nxg4 Bxa2 39. Ne5 Bb3 40. Ra1 h5 41. Rxa6 Bc2 42. Rd6 Be4 43. Kg1 g6 44. g3 Kg7 45. h4 Kh6 46. Kf2 Kg7 47. Ke3 Kh6 48. Kf4 Kg7 49. Kg5 1-0

[Event "December 19 Early 2023"]
[Site "https://www.chess.com"]
[Date "2023.12.19"]
[Round "3"]
[White "Naroditsky, Daniel"]
[Black "Schmakel, Sam"]
[Result "1-0"]
[Board "5"]
[TimeControl "180+1"]
[WhiteFideId "2026961"]
[BlackFideId "2039311"]
[WhiteElo "2639"]
[BlackElo "2356"]
[WhiteTeam "USA"]
[BlackTeam "USA"]
[WhiteClock "0:00:13"]
[BlackClock "0:00:00"]

1. e4 c5 2. c3 d5 3. exd5 Nf6 4. Qa4+ Nbd7 5. Qb3 g6 6. Nf3 Bg7 7. Be2 O-O 8. O-O b6 9. c4 Bb7 10. Nc3 e6 11. dxe6 fxe6 12. d4 cxd4 13. Nxd4 Nc5 14. Qd1 Qe7 15. Be3 Rad8 16. Qc2 e5 17. Nb3 Ne6 18. Rad1 Nf4 19. Bxf4 exf4 20. Nd5 Nxd5 21. cxd5 Kh8 22. Bf3 Qf6 23. Rd2 Rd6 24. h3 Rc8 25. Qe4 Rcd8 26. Rfd1 h5 27. Qe2 Kh7 28. Be4 Kh6 29. Qf3 a5 30. Nd4 Bxd5 31. Bxd5 Rxd5 32. Nf5+ Qxf5 33. Rxd5 Rxd5 34. Qxd5 Qxd5 35. Rxd5 Bxb2 36. Rd6 b5 37. Rd5 b4 38. Rxa5 g5 39. Ra6+ Kg7 40. Kf1 g4 41. hxg4 hxg4 42. Ke2 Bc3 43. f3 gxf3+ 44. gxf3 Kf7 45. Kd3 Ke7 46. a4 Kd7 47. Kc4 1-0

[Event "December 19 Early 2023"]
[Site "https://www.chess.com"]
[Date "2023.12.19"]
[Round "3"]
[White "Niemann, Hans Moke"]
[Black "Starozhilov, Leonid"]
[Result "1-0"]
[Board "6"]
[TimeControl "180+1"]
[WhiteFideId "2093596"]
[BlackFideId "14106752"]
[WhiteElo "2614"]
[BlackElo "2246"]
[WhiteTeam "USA"]
[BlackTeam "UKR"]
[WhiteClock "0:02:39"]
[BlackClock "0:01:58"]

1. e4 c5 2. Nf3 e6 3. b3 Nc6 4. Bb2 d6 5. d4 cxd4 6. Nxd4 Nxd4 7. Qxd4 Nf6 8. Nc3 Be7 9. O-O-O O-O 10. Be2 a6 11. a4 Qc7 12. Kb1 Bd7 13. g4 Bc6 14. g5 Nd7 15. Nd5 1-0

[Event "December 19 Early 2023"]
[Site "https://www.chess.com"]
[Date "2023.12.19"]
[Round "3"]
[White "Pakleza, Zbigniew"]
[Black "So, Wesley"]
[Result "0-1"]
[Board "7"]
[TimeControl "180+1"]
[WhiteFideId "1119290"]
[BlackFideId "5202213"]
[WhiteElo "2410"]
[BlackElo "2767"]
[WhiteTeam "POL"]
[BlackTeam "USA"]
[WhiteClock "0:00:02"]
[BlackClock "0:00:18"]

1. d4 d5 2. Nf3 e6 3. Bf4 Bd6 4. Bg3 c5 5. c3 Nf6 6. Nbd2 O-O 7. e3 b6 8. Ne5 Qc7 9. f4 Bb7 10. Be2 Nc6 11. O-O Ne7 12. Bh4 Ne4 13. Bxe7 Bxe7 14. Rc1 Rad8 15. Qc2 f6 16. Nef3 Nd6 17. Bd3 f5 18. Ne5 c4 19. Be2 b5 20. a3 a5 21. g4 b4 22. a4 Rb8 23. gxf5 Nxf5 24. Rf3 Bf6 25. Ng4 Bc6 26. Ra1 bxc3 27. bxc3 g6 28. Nxf6+ Rxf6 29. Rh3 Rf7 30. Bg4 Qd6 31. Bxf5 exf5 32. Rb1 Rxb1+ 33. Nxb1 Rb7 34. Nd2 Qa3 35. Qd1 Bxa4 36. Qe2 Bc2 37. Qg2 Qa1+ 38. Kf2 Qd1 39. Qxd5+ Rf7 40. Qd8+ Kg7 41. Nf3 Bd3 42. Ng5 Qf1+ 43. Kg3 Qg1+ 44. Kh4 Qg4# 0-1

[Event "December 19 Early 2023"]
[Site "https://www.chess.com"]
[Date "2023.12.19"]
[Round "3"]
[White "Srihari L R"]
[Black "Bluebaum, Matthias"]
[Result "0-1"]
[Board "8"]
[TimeControl "180+1"]
[WhiteFideId "46617116"]
[BlackFideId "24651516"]
[WhiteElo "2338"]
[BlackElo "2621"]
[WhiteTeam "IND"]
[BlackTeam "GER"]
[WhiteClock "0:00:12"]
[BlackClock "0:01:12"]

1. d4 d5 2. c4 e6 3. Nc3 Bb4 4. Qa4+ Nc6 5. Nf3 Nf6 6. e3 O-O 7. Bd2 Qe8 8. a3 Bxc3 9. Bxc3 Nxd4 10. Qxe8 Nxf3+ 11. gxf3 Rxe8 12. Rg1 e5 13. O-O-O c6 14. Rg5 h6 15. Rxe5 Be6 16. cxd5 Nxd5 17. Bd2 Rad8 18. Re4 Nf6 19. Rf4 Bb3 20. Re1 Rd7 21. Bc4 Red8 22. Bxb3 Rxd2 23. Rd1 Rxd1+ 24. Bxd1 Rd5 25. Bb3 Rh5 26. h4 Kf8 27. Ra4 a5 28. Rd4 Ke7 29. Kd2 Rb5 30. Kc2 Rc5+ 31. Kd2 Nd7 32. Bxf7 Ne5 33. Bh5 Nc4+ 34. Kc3 Nxe3+ 35. Kb3 Nf5 36. Re4+ Kf6 37. Bg4 Re5 38. Rf4 g5 39. hxg5+ hxg5 40. Rc4 Nd6 41. Rd4 Rd5 42. Rxd5 cxd5 43. Kc3 Ke5 44. Kd3 Nc4 45. Kc3 Nd6 46. a4 b6 47. b3 Nb7 48. Bd7 Nc5 49. Bb5 d4+ 50. Kc2 Kf4 51. Be2 d3+ 52. Bxd3 Nxd3 53. Kxd3 Kxf3 54. Kc4 Kxf2 55. Kb5 g4 56. Kxb6 g3 57. b4 axb4 58. a5 b3 59. a6 b2 60. a7 b1=Q+ 61. Kc7 Qe4 62. Kb8 g2 63. a8=Q Qxa8+ 64. Kxa8 g1=Q 0-1

[Event "December 19 Early 2023"]
[Site "https://www.chess.com"]
[Date "2023.12.19"]
[Round "3"]
[White "Pranav, V"]
[Black "Liyanage, Ranindu Dilshan"]
[Result "1-0"]
[Board "9"]
[TimeControl "180+1"]
[WhiteFideId "25060783"]
[BlackFideId "9915834"]
[WhiteElo "2562"]
[BlackElo "2198"]
[WhiteTeam "IND"]
[BlackTeam "SRI"]
[WhiteClock "0:01:15"]
[BlackClock "0:00:06"]

1. e4 c5 2. Nf3 Nc6 3. Bb5 g6 4. O-O Bg7 5. c3 Nf6 6. Re1 O-O 7. d4 cxd4 8. cxd4 d5 9. e5 Ne4 10. Nc3 Bf5 11. Bd3 Nxc3 12. bxc3 Bxd3 13. Qxd3 Rc8 14. h4 Qc7 15. h5 Na5 16. h6 Bh8 17. Bd2 Nc4 18. Bf4 e6 19. Bg5 a6 20. a4 Nb2 21. Qb1 Qxc3 22. Rc1 Qb3 23. Nd2 Qb6 24. Be7 Qxd4 25. Nf3 Qb6 26. a5 Qb5 27. Nd4 Rxc1+ 28. Qxc1 Nd3 29. Nxb5 Nxc1 30. Rxc1 Re8 31. Nd6 1-0

[Event "December 19 Early 2023"]
[Site "https://www.chess.com"]
[Date "2023.12.19"]
[Round "3"]
[White "Yaran, Siar"]
[Black "Mamedyarov, Shakhriyar"]
[Result "0-1"]
[Board "10"]
[TimeControl "180+1"]
[WhiteFideId "6323006"]
[BlackFideId "13401319"]
[WhiteElo "2191"]
[BlackElo "2716"]
[WhiteTeam "TUR"]
[BlackTeam "AZE"]
[WhiteClock "0:00:25"]
[BlackClock "0:00:33"]

1. Nf3 d5 2. c4 dxc4 3. Na3 g6 4. Nxc4 Bg7 5. g3 Nf6 6. Bg2 O-O 7. O-O c5 8. b3 Nd5 9. Bb2 Bxb2 10. Nxb2 b6 11. d4 Nd7 12. Nd3 Ba6 13. Rc1 Rc8 14. dxc5 bxc5 15. Nfe5 Nxe5 16. Nxe5 e6 17. Qd2 Qe7 18. Bxd5 exd5 19. Qxd5 Rfe8 20. Nd3 Bb7 21. Qc4 Qxe2 22. Ne1 Ba6 23. Qxe2 Bxe2 24. Rc2 c4 25. b4 c3 26. Ng2 Bd3 27. Rfc1 Bxc2 28. Rxc2 Red8 29. Ne3 Rd2 30. Kf1 Rxc2 31. Nxc2 Rd8 0-1

[Event "December 19 Early 2023"]
[Site "https://www.chess.com"]
[Date "2023.12.19"]
[Round "3"]
[White "Suleymanli, Aydin"]
[Black "Maatman, Nick"]
[Result "1-0"]
[Board "11"]
[TimeControl "180+1"]
[WhiteFideId "13413937"]
[BlackFideId "1040391"]
[WhiteElo "2553"]
[BlackElo "2709"]
[WhiteTeam "AZE"]
[BlackTeam "NED"]
[WhiteClock "0:00:02"]
[BlackClock "0:00:00"]

1. e4 c5 2. Nf3 d6 3. Bb5+ Bd7 4. a4 Nf6 5. Nc3 Nc6 6. O-O e6 7. d4 cxd4 8. Nxd4 Be7 9. Re1 O-O 10. Be3 Rc8 11. Nxc6 bxc6 12. Bd3 Qa5 13. Qd2 Kh8 14. b4 Qxb4 15. Bxa7 c5 16. Rab1 Qd4 17. a5 Bd8 18. Ne2 Qa4 19. Ra1 Qc6 20. Nc3 c4 21. Bf1 Ra8 22. Bd4 e5 23. Bb6 Bxb6 24. axb6 Qxb6 25. Bxc4 Rac8 26. Bb3 Be6 27. Rab1 Bxb3 28. cxb3 Qb4 29. Re3 Rc6 30. Qe1 Rb8 31. h3 g6 32. Kh2 Kg7 33. Rf3 Rcb6 34. Qe3 Qd4 35. Qg5 Nxe4 36. Nxe4 Qxe4 37. Qf6+ Kh6 38. Qxf7 Qh4 39. b4 Rxb4 40. Rxb4 Rxb4 41. Qf8+ Kh5 42. Qxd6 1-0

[Event "December 19 Early 2023"]
[Site "https://www.chess.com"]
[Date "2023.12.19"]
[Round "3"]
[White "Adla, Diego"]
[Black "Keymer, Vincent"]
[Result "0-1"]
[Board "12"]
[TimeControl "180+1"]
[WhiteFideId "100072"]
[BlackFideId "12940690"]
[WhiteElo "2377"]
[BlackElo "2629"]
[WhiteTeam "ARG"]
[BlackTeam "GER"]
[WhiteClock "0:00:00"]
[BlackClock "0:00:02"]

1. c4 Nf6 2. Nc3 e5 3. Nf3 Nc6 4. e4 Bb4 5. d3 a6 6. Be2 d6 7. O-O Bc5 8. Nd2 O-O 9. Nb3 Ba7 10. Kh1 Nd4 11. Nxd4 Bxd4 12. f4 h6 13. Qe1 c6 14. Qg3 Kh8 15. fxe5 dxe5 16. Qh4 Be6 17. Bxh6 Nh7 18. Qxd8 Rfxd8 19. Bd2 b5 20. Rad1 Nf8 21. b3 f6 22. Be1 Nd7 23. Rc1 Nc5 24. Nd1 bxc4 25. bxc4 Rab8 26. Rc2 Rb1 27. Bf2 Bxf2 28. Nxf2 Rdb8 29. Kg1 a5 30. Rfc1 R8b2 31. Rxb2 Rxb2 32. Kf1 Rxa2 33. Rb1 a4 34. Bd1 Kh7 35. Rb8 Nxd3 36. Nxd3 Bxc4 37. Be2 Rd2 38. Ke1 Rxd3 39. Bxd3 Bxd3 40. Ra8 Bxe4 41. g3 Bc2 42. Ra6 c5 43. Rc6 a3 44. Rxc5 a2 45. Ra5 Bb1 46. Kf2 g5 47. g4 Kg6 48. Ke3 Kf7 49. h3 Ke6 50. Kd2 Kd6 51. Kc3 Kc6 52. Kb2 e4 53. Kc3 e3 54. Ra8 Kd5 55. Ra4 Ke5 0-1

[Event "December 19 Early 2023"]
[Site "https://www.chess.com"]
[Date "2023.12.19"]
[Round "3"]
[White "Zemlyanskii, Ivan"]
[Black "Bardyk, Artem"]
[Result "0-1"]
[Board "13"]
[TimeControl "180+1"]
[WhiteFideId "24249971"]
[BlackFideId "34349979"]
[WhiteElo "2418"]
[BlackElo "2300"]
[WhiteTeam "RUS"]
[BlackTeam "RUS"]
[WhiteClock "0:00:00"]
[BlackClock "0:00:19"]

1. d4 d5 2. c4 e6 3. Nf3 Nf6 4. Qc2 Be7 5. cxd5 exd5 6. Bf4 c6 7. e3 O-O 8. Nc3 Re8 9. Bd3 Nbd7 10. h3 Nf8 11. O-O Ne6 12. Bh2 Bd6 13. Bxd6 Qxd6 14. Rab1 a5 15. a3 Bd7 16. Rfc1 h6 17. b4 axb4 18. axb4 b5 19. Ne5 Rec8 20. Ne2 Be8 21. Bf5 Nd7 22. Nxd7 Bxd7 23. Rb3 Nd8 24. Nf4 Bxf5 25. Qxf5 Nb7 26. Rbc3 g6 27. Qe5 Qd7 28. Nd3 Nd6 29. Nc5 Qd8 30. e4 Nc4 31. Qf4 Qg5 32. Rf3 Qxf4 33. Rxf4 dxe4 34. Nxe4 Kg7 35. Nc5 Rd8 36. Re1 Ra7 37. h4 Nb6 38. Ree4 Nd5 39. Rf3 Nxb4 40. Rc3 Nd5 41. Rc1 b4 42. Nd3 Nc3 43. Rf4 Ne2+ 44. Kh2 Nxf4 45. Nxf4 Rxd4 46. Ne2 Rxh4+ 47. Kg3 Rh5 48. Rxc6 Rb7 49. Rc2 b3 50. Rb2 Rc5 0-1

[Event "December 19 Early 2023"]
[Site "https://www.chess.com"]
[Date "2023.12.19"]
[Round "3"]
[White "Hua, Lefong"]
[Black "Deac, Bogdan-Daniel"]
[Result "1/2-1/2"]
[Board "14"]
[TimeControl "180+1"]
[WhiteFideId "2602253"]
[BlackFideId "1226380"]
[WhiteElo "2696"]
[BlackElo "2641"]
[WhiteTeam "CAN"]
[BlackTeam "ROU"]
[WhiteClock "0:00:26"]
[BlackClock "0:00:09"]

1. d4 Nf6 2. c4 e6 3. Nc3 Bb4 4. f3 c5 5. a3 Ba5 6. d5 b5 7. e4 d6 8. Ne2 bxc4 9. Nf4 e5 10. Ne2 Nbd7 11. Ng3 Nb6 12. Be2 Bd7 13. O-O Bxc3 14. bxc3 Na4 15. Bd2 h5 16. f4 exf4 17. Rxf4 h4 18. Nf5 Bxf5 19. Rxf5 Nb6 20. Bg5 Qe7 21. Bxc4 Nxc4 22. Qa4+ Qd7 23. Qxc4 Ng4 24. Raf1 f6 25. Bc1 Ne5 26. Qa6 Rb8 27. Bf4 Rb6 28. Qe2 Qb5 29. Qxb5+ Rxb5 30. Bxe5 dxe5 31. c4 Ra5 32. Rb1 O-O 33. Rf3 Ra4 34. Rc3 Rd8 35. Rb7 Rd6 36. Rc7 Ra5 37. Rb3 Kh7 38. Rbb7 Rxa3 39. Rxg7+ Kh8 40. Rg4 Rb6 41. Rxb6 axb6 42. Rg6 Rc3 43. Rxf6 Rxc4 44. Rxb6 Rxe4 45. Rc6 c4 46. d6 Rd4 47. d7 Rxd7 48. Rxc4 Rh7 49. Re4 Kg7 50. Rxe5 Kg6 51. Re4 Kg5 52. Kf2 Rf7+ 53. Ke3 Ra7 54. h3 Ra3+ 55. Kf2 Ra2+ 56. Kf3 Ra3+ 57. Re3 Ra5 58. Rc3 Rf5+ 59. Ke2 Ra5 60. Rd3 Ra2+ 61. Rd2 Ra5 62. Rd3 Ra2+ 63. Kf3 Ra5 64. Re3 Rf5+ 65. Ke2 Ra5 66. Kf2 Ra2+ 67. Re2 Ra5 68. Rc2 Rf5+ 69. Ke3 Re5+ 70. Kf3 Rf5+ 71. Ke4 Rf4+ 72. Ke3 Ra4 73. Rc8 Ra3+ 74. Kf2 Ra2+ 75. Kg1 Ra4 76. Rc3 Rb4 77. Rc2 Rb5 78. Kh2 Rf5 79. g3 hxg3+ 80. Kxg3 Kh5 81. Rc8 Rg5+ 82. Kf4 Ra5 83. h4 Kg6 84. Rc4 Kh7 85. Kg4 Rb5 86. h5 Ra5 87. Rc7+ Kh6 88. Rc6+ Kh7 89. Kh4 Ra4+ 90. Kg5 Ra5+ 91. Kf6 Ra7 92. Re6 Rb7 93. Re7+ Rxe7 94. Kxe7 Kh6 95. Kf8 Kxh5 1/2-1/2

[Event "December 19 Early 2023"]
[Site "https://www.chess.com"]
[Date "2023.12.19"]
[Round "3"]
[White "Sarana, Alexey"]
[Black "Arabidze, Meri"]
[Result "1-0"]
[Board "15"]
[TimeControl "180+1"]
[WhiteFideId "24133795"]
[BlackFideId "13604040"]
[WhiteElo "2707"]
[BlackElo "2416"]
[WhiteTeam "SRB"]
[BlackTeam "GEO"]
[WhiteClock "0:01:17"]
[BlackClock "0:00:00"]

1. d4 Nf6 2. c4 e6 3. Nc3 Bb4 4. e3 O-O 5. Bd3 Re8 6. Ne2 d5 7. O-O b6 8. cxd5 exd5 9. a3 Bd6 10. Qc2 a6 11. Ng3 Bb7 12. b4 g6 13. Bb2 Ng4 14. Be2 Nxh2 15. Kxh2 Qh4+ 16. Kg1 Rxe3 17. Bf3 Rxf3 18. gxf3 Nd7 19. Kg2 Nf8 20. Nce2 Ne6 21. Rh1 Qf6 22. Rh6 Bf8 23. Rh2 h5 24. Rg1 Bg7 25. Qd2 h4 26. Nf1 Re8 27. Ne3 Ng5 28. f4 h3+ 29. Rxh3 Nxh3 30. Kxh3 Bc8+ 31. Kg2 Bf5 32. Nxf5 Qxf5 33. Ng3 Qg4 34. Re1 Rxe1 35. Qxe1 Qxf4 36. Qe8+ Kh7 37. Qc6 Bxd4 38. Bxd4 Qxd4 39. Qxc7 Kg7 40. Qd6 a5 41. b5 a4 42. Qc6 Qd3 43. Qxb6 d4 44. Qc5 Qd1 45. b6 d3 46. b7 Qb3 47. Qe5+ Kh7 48. b8=Q 1-0

[Event "December 19 Early 2023"]
[Site "https://www.chess.com"]
[Date "2023.12.19"]
[Round "3"]
[White "JonaszBaum"]
[Black "Tabatabaei, M. Amin"]
[Result "1/2-1/2"]
[Board "16"]
[TimeControl "180+1"]
[BlackFideId "12521213"]
[WhiteElo "2689"]
[BlackElo "2573"]
[BlackTeam "IRI"]
[WhiteClock "0:00:05"]
[BlackClock "0:00:02"]

1. d4 Nf6 2. c4 c6 3. Nf3 d5 4. Nbd2 Bf5 5. Nh4 Be4 6. Qb3 Qb6 7. c5 Qc7 8. Qg3 Qc8 9. f3 Bg6 10. e4 e6 11. e5 Nh5 12. Qf2 Be7 13. g4 Qd8 14. Ng2 Nf4 15. h4 Nd3+ 16. Bxd3 Bxd3 17. Nf4 Ba6 18. b4 b6 19. a4 Nd7 20. a5 bxc5 21. bxc5 Qc7 22. Bb2 Rb8 23. Bc3 O-O 24. Qe3 Rfd8 25. Kf2 Rb5 26. Nd3 Qc8 27. f4 f6 28. g5 fxe5 29. fxe5 Rf8+ 30. Kg3 Rb8 31. Raf1 Rxf1 32. Rxf1 Qe8 33. Qf3 Qg6 34. Nf4 Qf5 35. Ne2 Qxf3+ 36. Kxf3 Rf8+ 37. Ke3 Rxf1 38. Nxf1 Nf8 39. Nh2 Ng6 40. Nf3 h6 41. h5 Bxe2 42. hxg6 Bxf3 43. Kxf3 Bxg5 44. a6 Bd8 45. Kg4 Kf8 46. Kh5 Ke8 47. Bd2 Kf8 48. Bc3 Kg8 49. Bd2 Kf8 50. Bc3 1/2-1/2

[Event "December 19 Early 2023"]
[Site "https://www.chess.com"]
[Date "2023.12.19"]
[Round "3"]
[White "Agibileg, Uurtsaikh"]
[Black "Ivic, Velimir"]
[Result "1/2-1/2"]
[Board "17"]
[TimeControl "180+1"]
[WhiteFideId "4901606"]
[BlackFideId "950122"]
[WhiteElo "2288"]
[BlackElo "2542"]
[WhiteTeam "MGL"]
[BlackTeam "SRB"]
[WhiteClock "0:00:09"]
[BlackClock "0:00:13"]

1. d4 Nf6 2. c4 g6 3. Nc3 Bg7 4. e4 d6 5. Be2 O-O 6. Nf3 Na6 7. O-O e5 8. Be3 Qe8 9. dxe5 dxe5 10. a3 Ng4 11. Bg5 c6 12. h3 Nf6 13. b4 Nc7 14. Ra2 Ne6 15. Be3 Nh5 16. Re1 Qe7 17. Rd2 Rd8 18. Rxd8+ Nxd8 19. Bc5 Qe8 20. Bd6 f6 21. c5 Be6 22. Nd2 Nf4 23. Bc4 Nf7 24. Qb3 Rd8 25. Bxe6 Nxe6 26. Nc4 Nd4 27. Qa2 Qe6 28. Rd1 Nb5 29. Ne2 Nfxd6 30. cxd6 Rxd6 31. Ra1 Rd3 32. Qc2 Rd8 33. Na5 Qd7 34. Qc4+ Kh8 35. a4 Nd6 36. Qb3 Nxe4 37. f3 Ng5 38. Nc3 Qd4+ 39. Kh1 Qf2 40. Nxb7 Rd2 41. Rg1 Nxf3 42. Ne2 Qxe2 43. Qxf3 Qxf3 44. gxf3 Rb2 45. Rd1 h5 46. Rd8+ Kh7 47. Rd7 Rxb4 48. Nd6 Kg8 49. Rxa7 f5 50. a5 e4 51. fxe4 fxe4 52. a6 e3 53. Re7 Ra4 54. a7 e2 55. Nc8 Bd4 56. Rxe2 Bxa7 57. Re8+ Kf7 58. Re7+ Kf6 59. Rxa7 Rxa7 60. Nxa7 c5 61. Kg2 Ke5 62. Kf3 Kd4 63. Kf4 c4 64. Nb5+ Kc5 65. Nc3 Kd4 66. Na4 c3 67. Nxc3 Kxc3 68. Kg5 Kd4 69. h4 Ke5 70. Kxg6 Ke6 71. Kxh5 Kf7 72. Kg5 Kg8 73. h5 Kh8 74. h6 Kg8 75. Kg6 Kh8 76. h7 1/2-1/2

[Event "December 19 Early 2023"]
[Site "https://www.chess.com"]
[Date "2023.12.19"]
[Round "3"]
[White "Cieslak, Patryk"]
[Black "Korobov, Anton"]
[Result "0-1"]
[Board "18"]
[TimeControl "180+1"]
[WhiteFideId "21078882"]
[BlackFideId "14105730"]
[WhiteElo "2149"]
[BlackElo "2649"]
[WhiteTeam "POL"]
[BlackTeam "UKR"]
[WhiteClock "0:00:00"]
[BlackClock "0:00:35"]

1. e4 c5 2. Nf3 d6 3. d4 cxd4 4. Nxd4 Nf6 5. Nc3 a6 6. Bc4 e6 7. Be3 Be7 8. g4 b5 9. Bb3 b4 10. Na4 Nxe4 11. Nb6 Bb7 12. Nxa8 Bxa8 13. Qe2 O-O 14. O-O-O a5 15. f3 Nc5 16. Bc4 Nbd7 17. Nb3 Qc7 18. Nxc5 Nxc5 19. Rhf1 a4 20. Kb1 a3 21. b3 d5 22. Bd3 Bf6 23. c4 bxc3 24. Bc2 e5 25. g5 Be7 26. Bxc5 Bxc5 27. Rxd5 Bxd5 28. Qd3 e4 29. Qxd5 e3 30. Qe4 g6 31. h4 Qh2 32. h5 Qxh5 33. f4 Rd8 34. Qg2 e2 35. Re1 Rd1+ 0-1

[Event "December 19 Early 2023"]
[Site "https://www.chess.com"]
[Date "2023.12.19"]
[Round "3"]
[White "Terry, Renato"]
[Black "Volkov, Maksim"]
[Result "1-0"]
[Board "19"]
[TimeControl "180+1"]
[WhiteFideId "3803457"]
[BlackFideId "54123070"]
[WhiteElo "2578"]
[BlackElo "2293"]
[WhiteTeam "PER"]
[BlackTeam "RUS"]
[WhiteClock "0:00:40"]
[BlackClock "0:00:01"]

1. Nf3 d5 2. g3 Bg4 3. c4 c6 4. cxd5 Bxf3 5. exf3 cxd5 6. Qb3 Qd7 7. d4 Nc6 8. Be3 Nf6 9. Nc3 e6 10. Rc1 Be7 11. Bd3 O-O 12. O-O Rfc8 13. Rfd1 a6 14. Bb1 b5 15. Ne2 Na5 16. Qd3 g6 17. Bh6 Ne8 18. h4 Nd6 19. h5 Nf5 20. hxg6 hxg6 21. Bf4 Nc4 22. Rc2 Nb6 23. Kg2 Rxc2 24. Bxc2 Bf6 25. b3 Rc8 26. Bb1 Rc6 27. Rh1 Nc8 28. g4 Nfe7 29. Qe3 Bg7 30. Bh6 Bh8 31. Bg5 Nd6 32. Rxh8+ Kxh8 33. Bf6+ Kh7 34. Qg5 Ng8 35. Qh4+ Nh6 36. g5 1-0

[Event "December 19 Early 2023"]
[Site "https://www.chess.com"]
[Date "2023.12.19"]
[Round "3"]
[White "Goltsev, Dmitry"]
[Black "Demchenko, Anton"]
[Result "0-1"]
[Board "20"]
[TimeControl "180+1"]
[WhiteFideId "24176710"]
[BlackFideId "4160258"]
[WhiteElo "2370"]
[BlackElo "2545"]
[WhiteTeam "RUS"]
[BlackTeam "SLO"]
[WhiteClock "0:00:00"]
[BlackClock "0:00:22"]

1. e4 c5 2. Nf3 d6 3. d4 cxd4 4. Nxd4 Nf6 5. Nc3 Nc6 6. Be2 e6 7. O-O Be7 8. Bg5 O-O 9. Nxc6 bxc6 10. Qd2 d5 11. exd5 cxd5 12. Bd3 a5 13. Rfe1 Ba6 14. Rad1 Bxd3 15. Qxd3 a4 16. Re3 h6 17. Bh4 Re8 18. Nb5 Ne4 19. Bxe7 Qxe7 20. Nd4 Qb7 21. b3 Rec8 22. c4 Nf6 23. Nb5 Qc6 24. Qd4 dxc4 25. Na7 Rxa7 26. Qxa7 axb3 27. axb3 c3 28. Rc1 Nd5 29. Re4 Qb5 30. Qa2 Rb8 31. Qc2 Qxb3 32. Qxb3 Rxb3 33. Rc4 g5 34. Kf1 Rb2 35. g3 Rb3 36. Ke2 Kg7 37. h4 Kg6 38. hxg5 hxg5 39. Rc2 Ra3 40. Kf3 Kf5 41. Re4 Nf6 42. g4+ Kg6 43. Rc4 Nd5 44. Re4 Kf6 45. Rc4 Ke5 46. Rd2 cxd2+ 0-1

[Event "December 19 Early 2023"]
[Site "https://www.chess.com"]
[Date "2023.12.19"]
[Round "3"]
[White "Vokhidov, Shamsiddin"]
[Black "Khumalo, Keith"]
[Result "1-0"]
[Board "21"]
[TimeControl "180+1"]
[WhiteFideId "14204223"]
[BlackFideId "14319470"]
[WhiteElo "2588"]
[BlackElo "2093"]
[WhiteTeam "UZB"]
[BlackTeam "RSA"]
[WhiteClock "0:01:07"]
[BlackClock "0:01:15"]

1. e4 c5 2. Nf3 d6 3. Bb5+ Nd7 4. a4 a6 5. Be2 Ngf6 6. Nc3 g6 7. d4 cxd4 8. Nxd4 Bg7 9. O-O O-O 10. Be3 Qc7 11. a5 Nc5 12. f3 Bd7 13. Qd2 Rac8 14. Rfd1 Rfd8 15. Nb3 Be6 16. Nxc5 dxc5 17. Qe1 Rxd1 18. Qxd1 Rd8 19. Qe1 Nd7 20. Qf2 Be5 21. f4 Bd4 22. f5 Bxe3 23. Qxe3 gxf5 24. exf5 Bxf5 25. Nd5 Qe5 26. Nxe7+ Kg7 27. Qxe5+ Nxe5 28. Nxf5+ Kf6 29. Ng3 Ke7 30. Ne4 c4 31. Rf1 Rd5 32. Ra1 f5 33. Ng3 Ke6 34. Nf1 f4 35. Kf2 Kf5 36. g3 fxg3+ 37. hxg3 Ke4 38. Ra4 Kd4 39. Ne3 Rc5 40. c3+ Ke4 41. Nxc4 Nd3+ 42. Bxd3+ Kxd3 43. Nd6 Rc7 44. Rb4 Rd7 45. Nxb7 Rf7+ 46. Kg2 Ke2 47. Nc5 1-0

[Event "December 19 Early 2023"]
[Site "https://www.chess.com"]
[Date "2023.12.19"]
[Round "3"]
[White "Bortnyk, Olexandr"]
[Black "Tologon tegin, Semetei"]
[Result "1-0"]
[Board "22"]
[TimeControl "180+1"]
[WhiteFideId "14120828"]
[BlackFideId "13800574"]
[WhiteElo "2731"]
[BlackElo "2258"]
[WhiteTeam "UKR"]
[BlackTeam "KGZ"]
[WhiteClock "0:00:16"]
[BlackClock "0:00:00"]

1. e4 c5 2. c3 d5 3. exd5 Qxd5 4. d4 Nf6 5. Be3 cxd4 6. cxd4 e6 7. Nc3 Bb4 8. Nf3 Bd7 9. Bd3 Bb5 10. O-O Bxc3 11. bxc3 O-O 12. Rb1 Bxd3 13. Qxd3 b6 14. Bg5 Nbd7 15. c4 Qa5 16. Bf4 Rfc8 17. Bd6 Qxa2 18. Rfc1 Qa6 19. Ne5 Nxe5 20. dxe5 Nd7 21. h4 Rc6 22. h5 h6 23. Qe4 Rac8 24. Ra1 Qb7 25. Ra3 Nc5 26. Qf4 Qd7 27. Rg3 Kh8 28. Rcc3 Rg8 29. Rcf3 Nb7 30. Rxg7 Rxg7 31. Qxh6+ Kg8 32. Bf8 Kxf8 33. Rg3 Ke7 34. Qf6+ Ke8 35. Qxg7 Qd1+ 36. Kh2 Qxh5+ 37. Rh3 Qg6 38. Rh8+ Kd7 39. Qf8 1-0

[Event "December 19 Early 2023"]
[Site "https://www.chess.com"]
[Date "2023.12.19"]
[Round "3"]
[White "Timerkhanov, Alexander"]
[Black "Drygalov, Sergey"]
[Result "0-1"]
[Board "23"]
[TimeControl "180+1"]
[WhiteFideId "24177938"]
[BlackFideId "24171743"]
[WhiteElo "2278"]
[BlackElo "2504"]
[WhiteTeam "RUS"]
[BlackTeam "RUS"]
[WhiteClock "0:00:49"]
[BlackClock "0:01:44"]

1. d4 Nf6 2. Bg5 e6 3. Nd2 d5 4. e3 Be7 5. Bd3 c5 6. c3 Nbd7 7. f4 h6 8. Bxf6 Nxf6 9. Ngf3 Qb6 10. Rb1 Bd7 11. Qe2 Ba4 12. O-O c4 13. Nxc4 dxc4 14. Bxc4 a6 15. Ne5 Bb5 16. e4 Bxc4 17. Nxc4 Qb5 18. b3 O-O 19. f5 exf5 20. Rxf5 Qc6 21. e5 Nd5 22. Qf3 g6 23. Qg3 b5 24. Nd6 Qxc3 0-1